 Seeded DCSS version 0.28-a0-1567-g1695149f81 (webtiles) character file.

Game seed: 3813 (custom seed)

4053 knot the Cleaver (level 10, -12/70 HPs)
             Began as a Demonspawn Berserker on Jan 20, 2022.
             Was an Elder of Trog.
             Shot with a bolt by an orc warrior (16 damage)
             ... in a bailey.
             The game lasted 00:09:37 (11558 turns).

knot the Cleaver (Demonspawn Berserker)            Turns: 11558, Time: 00:09:37

Health: -12/70     AC:  9    Str: 17    XL:     10   Next: 4%
Magic:  10/10      EV: 11    Int: 17    God:    Trog [****..]
Gold:   301        SH:  0    Dex: 13    Spells: 9/9 levels left

rFire   . . .      SeeInvis .   D - +10 battleaxe of Monaopnetz {freeze, rCorr Int+4}
rCold   . . .      Faith    .   (shield currently unavailable)
rNeg    . . .      Spirit   .   y - +0 ring mail
rPois   .          Reflect  .   (no helmet)
rElec   .          Harm     .   (no cloak)
rCorr   +          Rampage  .   (no gloves)
Will    .....                   w - +1 pair of boots
Stlth   +.........              J - amulet of regeneration
HPRegen 0.21/turn               (no ring)
MPRegen 0.24/turn               (no ring)

@: flying, hasted, very quick
A: powered by death 1, magic regeneration, sharp scales 2, demonic touch 1
a: Renounce Religion, Berserk, Trog's Hand, Brothers in Arms


You were in a bailey.
You worshipped Trog.
Trog was greatly pleased with you.
You visited 1 branch of the dungeon, and saw 9 of its levels.
You also visited: Sewer and Bailey.

You collected 301 gold pieces.

Inventory:

Hand Weapons
 a - a +0 hand axe
 D - the +10 battleaxe of Monaopnetz (weapon) {freeze, rCorr Int+4}
   (You took it off an orc on level 6 of the Dungeon)

   It freezes those it strikes, dealing additional cold damage.
   It can also slow down cold-blooded creatures.
   Int:       It affects your intelligence (+4).
   rCorr:     It protects you from acid and corrosion.
Missiles
 m - 20 sling bullets
 o - 201 stones
 t - 20 poisoned darts (quivered)
 C - 2 throwing nets
Armour
 h - a +2 leather armour of cold resistance
 w - a +1 pair of boots (worn)
 y - a +0 ring mail (worn)
Jewellery
 c - an amulet of guardian spirit
 v - a ring of ice
 H - a ring of flight
 I - a ring of willpower
 J - an amulet of regeneration (around neck)
Wands
 A - a wand of flame (22)
 B - a wand of acid (4)
 E - a wand of digging (7)
Scrolls
 d - 5 scrolls of teleportation
 e - 9 scrolls of identify
 k - 2 scrolls of enchant armour
 l - a scroll of amnesia
 F - a scroll of holy word
Potions
 f - 2 potions of brilliance
 g - a potion of heal wounds {unknown}
 n - 2 potions of flight
 q - 2 potions of resistance
 r - a potion of cancellation
 s - 2 potions of might {unknown}
 u - a potion of mutation {unknown}
 x - 6 potions of curing {unknown}
 z - 2 potions of magic {unknown}


   Skills:
 - Level 3.0 Fighting
 + Level 13.5 Axes
 - Level 1.7 Armour
 - Level 1.7 Dodging


You had 9 spell levels left.
You didn't know any spells.
Your spell library contained the following spells:

 Spells                   Type           Power      Damage    Failure   Level
 Gell's Gravitas          Tloc           0%         N/A       77%         3
 Ozocubu's Armour         Ice            0%         N/A       77%         3
 Teleport Other           Tloc           0%         N/A       77%         3
 Dispersal                Tloc           0%         N/A       100%        6
 Ozocubu's Refrigeration  Ice            0%         4d5       100%        7


Dungeon Overview and Level Annotations

Branches:
Dungeon (9/15)             Temple (0/1) D:5            Lair (0/6) D:9
    Orc (0/2) D:9           Sewer (visited)          Bailey (1/1)

Altars:
Elyvilon
Kikubaaqudgha
Okawaru
Qazlal
Sif Muna
Yredelemnul
Zin

Shops:
D:3 =


Innate Abilities, Weirdness & Mutations

You regenerate a little health from kills.
You regenerate magic rapidly.
You are mostly covered in razor-sharp scales. (AC +2, Slay +2)
Your touch may inflict minor irresistible damage on your foes.


Message History

Magic restored.
The orc warrior shoots a bolt.
The bolt hits you!
You continue putting on your amulet of regeneration.
The orc warrior shoots a bolt.
The bolt hits you but does no damage.
You continue putting on your amulet of regeneration.
You finish putting on your amulet of regeneration.
The amulet cannot attune itself to your injured body.
J - an amulet of regeneration (around neck) Throw: 2 darts (curare)
Press: ? - help, Q - select action, (/) - cycle Shift-Dir - straight line, f - orc warrior
Aim: an orc warrior, wielding a +0 arbalest, wearing a +0 scale mail and quivering bolts (53% to hit)
You throw a curare-tipped dart.
The curare-tipped dart hits the orc warrior.
The orc warrior is poisoned.
The orc warrior convulses.
The orc warrior seems to slow down.
The orc warrior is moderately wounded.
Throw: dart (curare)
Press: ? - help, Q - select action, (/) - cycle Shift-Dir - straight line, f/p - orc warrior
Aim: an orc warrior, wielding a +0 arbalest, wearing a +0 scale mail and quivering bolts (moderately wounded, very poisoned, slow, 53% to hit)
You throw a curare-tipped dart.
The curare-tipped dart closely misses the orc warrior.
The orc shoots a bolt.
The bolt hits you but does no damage.
The orc warrior shoots a bolt.
The bolt hits you!!
* * * LOW HITPOINT WARNING * * *
Throw: 21 darts (poison)
Press: ? - help, Q - select action, (/) - cycle Shift-Dir - straight line, f - orc, p - orc warrior
Aim: an orc, wielding a +0 arbalest, wearing a +0 ring mail and quivering bolts (64% to hit)
You throw a poisoned dart. The poisoned dart hits the orc.
The orc is poisoned.
The orc shoots a bolt.
The bolt barely misses you.
Aiming: Corrosive Bolt
Press: ? - help, Shift-Dir - straight line, f - you, p - orc
Okay, then.
It was a potion of flight.
You feel very buoyant.
You fly up into the air.
The orc warrior shoots a bolt.
The bolt hits you!!
* * * LOW HITPOINT WARNING * * *
The orc shoots a bolt.
The bolt barely misses you.
You feel yourself speed up.
The orc shoots a bolt.
The bolt barely misses you.
The orc warrior shoots a bolt.
The bolt misses you.
The orc warrior shoots a bolt.
The bolt hits you!
You die...

#........(
#.......o.
#......≈≈o
#.....≈≈#
#.....≈##.
#.....≈#..
#.....≈##.
#.....≈≈##
#@.....≈≈≈
#.........
#.........
#.∩.......
#∩........
##########


You could see an orc warrior (poisoned, slow).

Vanquished Creatures
  2 wyverns
  Sigmund (D:4)
  The ghost of Faca the Skirmisher, an amateur PaFi (D:4)
  A steam dragon (D:8)
  Menkaure (D:4)
  2 sky beasts (D:6)
  An orc warrior (D:8)
  An ice beast (D:6)
  2 black bears (D:6)
  An ogre (D:7)
  3 centaurs
  A phantom (D:6)
  4 kobold brigands
  6 bullfrogs
  A gnoll sergeant (D:6)
  A water moccasin zombie (D:3)
  10 wights (D:6)
  4 howler monkeys
  3 hounds
  2 orc priests (D:7)
  2 centaur zombies
  A gnoll shaman (D:6)
  Crazy Yiuf (D:3)
  A centaur skeleton (D:6)
  An iguana (D:4)
  Ijyb (D:4)
  A scorpion zombie (D:5)
  5 orc wizards
  A hound zombie (D:3)
  A hound skeleton (D:4)
  A howler monkey zombie (D:8)
  10 gnolls
  10 adders
  5 river rats (Sewer)
  An ufetubus (D:7)
  An adder zombie (D:3)
  2 worms (D:2)
  5 dart slugs
  22 orcs
  12 ball pythons
  13 endoplasms
  2 giant cockroaches
  6 goblins
  6 hobgoblins
  4 jackals (D:4)
  24 kobolds
  6 bats
  3 frilled lizards
  29 rats
225 creatures vanquished.

Vanquished Creatures (others)
  6 fungi
  25 plants
31 creatures vanquished.

Grand Total: 256 creatures vanquished

Notes
Turn   | Place    | Note
-------+----------+-------------------------------------------
     0 | D:1      | knot the Demonspawn Berserker began the quest for the Orb.
     0 | D:1      | Reached XP level 1. HP: 18/18 MP: 1/1
   364 | D:1      | Reached skill level 3 in Axes
   895 | D:1      | Gained mutation: You are partially covered in razor-sharp
                  | scales. (AC +1, Slay +1) [demonic ancestry]
   895 | D:1      | Reached XP level 2. HP: 24/24 MP: 2/2
  1586 | D:1      | Gained mutation: You are mostly covered in razor-sharp
                  | scales. (AC +2, Slay +2) [demonic ancestry]
  1586 | D:1      | Reached XP level 3. HP: 27/29 MP: 3/3
  1682 | D:2      | Reached ** piety under Trog
  1683 | D:2      | Reached skill level 4 in Axes
  2130 | D:2      | Found a shimmering blue altar of Sif Muna.
  2225 | D:2      | Reached XP level 4. HP: 28/35 MP: 4/4
  2391 | D:2      | Found a faded altar of an unknown god.
  2549 | D:3      | Reached skill level 5 in Axes
  2972 | D:3      | Found a runed translucent door.
  2973 | D:3      | Noticed Crazy Yiuf
  3052 | D:3      | Found Gozemor's Jewellery Shoppe.
  3119 | D:3      | Found a basalt altar of Yredelemnul.
  3127 | D:3      | Reached XP level 5. HP: 26/41 MP: 5/5
  3599 | D:3      | Killed Crazy Yiuf
  3683 | D:4      | Found a glowing drain.
  3702 | Sewer    | Entered a sewer
  3861 | Sewer    | Reached skill level 6 in Axes
  4176 | Sewer    | Reached XP level 6. HP: 47/47 MP: 6/6
  4489 | Sewer    | Reached *** piety under Trog
  4732 | Sewer    | Reached skill level 7 in Axes
  5220 | D:4      | Noticed Menkaure
  5231 | D:4      | Killed Menkaure
  5232 | D:4      | Gained mutation: You regenerate magic rapidly. [demonic
                  | ancestry]
  5232 | D:4      | Reached XP level 7. HP: 34/52 MP: 7/7
  5492 | D:4      | Noticed Ijyb
  5528 | D:4      | Killed Ijyb
  5614 | D:4      | Found a stormy altar of Qazlal.
  5687 | D:4      | Noticed Faca's ghost (amateur PaFi)
  5689 | D:4      | Found a runed translucent gate.
  5689 | D:4      | Found a runed translucent gate.
  5689 | D:4      | Found a runed translucent gate.
  5977 | D:4      | Noticed Sigmund
  5984 | D:4      | Killed Sigmund
  5985 | D:4      | Reached skill level 8 in Axes
  6119 | D:4      | Killed Faca's ghost
  6300 | D:5      | Entered Level 5 of the Dungeon
  6342 | D:5      | Reached skill level 9 in Axes
  6342 | D:5      | Reached XP level 8. HP: 48/58 MP: 8/8
  6590 | D:5      | Found a staircase to the Ecumenical Temple.
  6916 | D:5      | You fall into a shaft and drop 1 floor!
  7122 | D:6      | Reached skill level 10 in Axes
  8413 | D:6      | Identified the +10 battleaxe of Monaopnetz {freeze, rCorr
                  | Int+4}
  8559 | D:6      | Reached skill level 11 in Axes
  8568 | D:6      | Gained mutation: You regenerate a little health from kills.
                  | [demonic ancestry]
  8568 | D:6      | Reached XP level 9. HP: 37/63 MP: 5/9
  9528 | D:7      | Reached skill level 12 in Axes
 10185 | D:8      | Found an iron altar of Okawaru.
 10185 | D:8      | Found an ancient bone altar of Kikubaaqudgha.
 10775 | D:8      | Reached skill level 13 in Axes
 10969 | D:8      | Reached **** piety under Trog
 11371 | D:9      | Gained mutation: Your touch may inflict minor irresistible
                  | damage on your foes. [demonic ancestry]
 11371 | D:9      | Reached XP level 10. HP: 44/70 MP: 10/10
 11385 | D:9      | Found a staircase to the Orcish Mines.
 11388 | D:9      | Found Omiowak's Armour Shoppe.
 11472 | D:9      | Found a flagged portal.
 11489 | Bailey   | Entered a bailey
 11554 | Bailey   | HP: 3/70 [orc warrior/bolt (19)]
 11558 | Bailey   | Shot with a bolt by an orc warrior

Illustrated notes

Levels and vault maps discovered:
D:1:      minmay_arrival_checkered_box, layout_basic, minmay_shallow_snake_nest
D:2:      layout_rooms, basic_altar, shapermc_ecumenical_altar_hornbeckon,
          minivault_14, lightli_corner_chamber
D:3:      layout_basic, nicolae_yredelemnul_corpse_copse, serial_shops,
          nicolae_shop_waterfront, kennysheep_generic_room_6,
          uniq_crazy_yiuf_cottage
D:4:      layout_rooms, mainiacjoe_overflow_cross_hatched,
          cheibrodos_sewer_entry_drain, gammafunk_ghost_split,
          minmay_misc_feat_rugged, minmay_misc_feat_room, uniq_ijyb,
          uniq_menkaure, uniq_sigmund
D:5:      layout_basic, minmay_temple_entry_hall
D:6:      layout_basic
D:7:      layout_rooms
D:8:      layout_gridville, zin_statuary, gammafunk_temple_overflow_claw
D:9:      layout_basic, grunt_lair_entry_orc_guard_hut, orc_david_3,
          lightli_bailey_entry_fortress, st_stairs_7
Bailey:   bailey_polearm_2, bailey

Skill      XL: |  1  2  3  4  5  6  7  8  9 |
---------------+----------------------------+-----
Axes           | 3 4 5 6 7 9 11 13 | 13.5
Fighting       | |  3.0
Armour         | |  1.7
Dodging        | |  1.7

Action                   |  1- 3 |  4- 6 |  7- 9 | 10-12 || total
-------------------------+-------+-------+-------+-------++-------
Melee: Hand axe          |    97 |   159 |   179 |       ||   435
       Punch             |     1 |     2 |     2 |       ||     5
       Battleaxe         |       |       |   121 |    26 ||   147
Throw: Dart              |       |       |       |     3 ||     3
Invok: Berserk           |     2 |     8 |    11 |       ||    21
       Trog's Hand       |       |     1 |     2 |       ||     3
  Use: Potion            |       |       |     3 |     2 ||     5
       Scroll            |       |       |     9 |       ||     9
 Stab: Sleeping          |     2 |       |     1 |       ||     3
Armor: Animal skin       |    28 |    36 |    18 |       ||    82
       Ring mail         |       |       |    95 |    21 ||   116
Dodge: Dodged            |    44 |    93 |   164 |    29 ||   330

Table legend: (Time is in decaauts)
 A = Elapsed time spent in this place.
 B = Non-inter-level travel time spent in this place.
 C = Inter-level travel time spent in this place.
 D = Time resting spent in this place.
 E = Time spent auto-exploring this place.
 F = Levels seen in this place.
 G = Mean time per level.
                   A        B        C        D        E       F      G
               +--------+--------+--------+--------+--------+-----+--------+
         Total |  11776 |  11430 |    346 |   4186 |   5891 |  11 | 1070.5 |
       Dungeon |  10128 |   9782 |    346 |   3382 |   5239 |   9 | 1125.3 |
         Sewer |   1579 |   1579 |      0 |    803 |    604 |   1 | 1579.0 |
        Bailey |     68 |     68 |      0 |      0 |     47 |   1 |   68.0 |
               +--------+--------+--------+--------+--------+-----+--------+

Top non-repeatable levels by time:
     D:6: 2507 daAuts
     D:1: 1675 daAuts
   Sewer: 1579 daAuts
     D:8: 1181 daAuts
     D:2: 1175 daAuts
     D:4: 1126 daAuts
     D:3: 898 daAuts
     D:7: 777 daAuts
     D:5: 612 daAuts
     D:9: 174 daAuts
  Bailey: 68 daAuts
